 Dungeon Crawl Stone Soup version 0.30-a0-23-ge60ba3568b (webtiles) character file.

Game seed: 2459509729881064368

268 Cedruin the Chopper (level 6, 47/47 HPs)
             Began as a Demonspawn Gladiator on Aug 24, 2022.
             Quit the game on level 3 of the Dungeon.
             The game lasted 00:02:45 (2375 turns).

Cedruin the Chopper (Demonspawn Gladiator)          Turns: 2375, Time: 00:02:46

Health: 47/47      AC:  7    Str: 17    XL:     6   Next: 0%
Magic:  6/6        EV: 13    Int:  9    God:
Gold:   137        SH:  0    Dex: 18    Spells: 5/5 levels left

rFire   . . .      SeeInvis .    a - +1 war axe
rCold   . . .      Faith    .    (no shield)
rNeg    + . .      Spirit   .    n - +2 leather armour of Masochism {rN+ Dex+4}
rPois   .          Reflect  .    c - +1 helmet
rElec   .          Harm     .    (no cloak)
rCorr   .          Rampage  .    (gloves unavailable)
Will    .....                    (no boots)
Stlth   +.........               (no amulet)
HPRegen 0.15/turn                (no ring)
MPRegen 0.10/turn                (no ring)

@: no status effects
A: demonic magic 1, demonic touch 3
a: no special abilities


You were on level 3 of the Dungeon.
You visited 1 branch of the dungeon, and saw 3 of its levels.

You collected 137 gold pieces.

Inventory:

Hand Weapons
 a - a +1 war axe (weapon)
Missiles
 d - 3 throwing nets (quivered)
 e - a javelin
Armour
 c - a +1 helmet (worn)
 j - a +2 leather armour of fire resistance
 n - the +2 leather armour of Masochism (worn) {rN+ Dex+4}
   (You found it on level 2 of the Dungeon)

   Dex:       It affects your dexterity (+4).
   rN:        It protects you from negative energy.
Jewellery
 k - a +4 ring of protection
 q - a ring of fire
Wands
 h - a wand of iceblast (1)
 m - a wand of digging (7)
Scrolls
 f - 2 scrolls of blinking
Potions
 b - a potion of magic {unknown}
 g - 2 potions of attraction {unknown}
 i - a potion of heal wounds
 l - a potion of ambrosia {unknown}
 o - a potion of flight {unknown}
 p - a potion of lignification {unknown}
 r - a potion of berserk rage {unknown}


   Skills:
 + Level 3.5 Fighting
 * Level 4.7 Axes
 - Level 1.7 Throwing
 + Level 3.8 Dodging


You had 5 spell levels left.
You didn't know any spells.
Your spell library contained the following spells:

 Spells                   Type           Power      Damage    Failure   Level
 Petrify                  Tmut/Erth      0%         N/A       99%         4
 Freezing Cloud           Conj/Ice/Air   0%         6-21      100%        5
 Metabolic Englaciation   Hex/Ice        0%         N/A       100%        5
 Simulacrum               Ice/Necr       0%         N/A       100%        6
 Statue Form              Tmut/Erth      0%         N/A       100%        6
 Polar Vortex             Ice            0%         N/A       100%        9


Dungeon Overview and Level Annotations

Branches:
Dungeon (3/15)

Altars:


Innate Abilities, Weirdness & Mutations

Spells you cast may paralyse adjacent enemies.
Your touch may irresistibly damage your foes and sap their willpower.


Message History

Sigmund is moderately wounded.
Sigmund hits you with a +0 scythe.
You hit Sigmund.
Sigmund is heavily wounded.
Sigmund hits you with a +0 scythe.
You slash Sigmund!
Sigmund is almost dead.
Sigmund points at you and mumbles some strange words.
The magic dart hits you.
You closely miss Sigmund.
Sigmund is almost dead.
Sigmund casts a spell at you. The puff of flame hits you!
* * * LOW HITPOINT WARNING * * *
You are too injured to fight recklessly!
Aiming: Iceblast
Press: ? - help, Shift-Dir - straight line The mass of ice explodes!
The iceblast engulfs Sigmund.
You kill Sigmund!
Your Fighting skill increases to level 3!
You have reached level 5!
Your demonic ancestry asserts itself...
A menacing aura infuses your magic.
You have reached level 6!
Your demonic ancestry asserts itself...
Your hands twist and begin to emit a powerful aura of unholy energy.
g - 2 clear potions (gained 1)
Things that are here:
a +0 scythe; a +0 robe
l - a fizzy golden potion
f - 2 scrolls of blinking (gained 1)
You see here a +0 dagger.
You now have 137 gold pieces (gained 18).
Things that are here:
a +0 club; a goblin skeleton
m - a wand of digging (7)
Items here: )) [[ ÷.
p - a murky purple potion
Items here: ))) ÷.
Are you sure you want to abandon this character and quit the game? (Confirm with "yes".)

#.#.8...8...8...8.#
#.#~.~.~.~.~.~.~.~#
....8...8...8)..#####
#~.~.~.~.~.~.~.~.....
.8...8...8...8.#####
.~.~.~.~.~.~.##
#####.##.).###
#...)..).# ###@#..#)#
#.####)# #.#..))...#
#<#...♣...# #.#..♣
♣..# #.#.♣ ♣.# #.#.
.# #)# # #.#


There were no monsters in sight!

Vanquished Creatures
  Sigmund (D:3)
  Ijyb (D:3)
  Robin (D:3)
  2 adders (D:2)
  A worm (D:3)
  5 ball pythons
  5 endoplasms
  13 goblins
  7 hobgoblins
  3 quokkas
  2 bats (D:1)
  A frilled lizard (D:1)
  7 kobolds
  3 rats
52 creatures vanquished.

Notes
Turn   | Place    | Note
-------+----------+-------------------------------------------
     0 | D:1      | Cedruin the Demonspawn Gladiator began the quest for the
                  | Orb.
     0 | D:1      | Reached XP level 1. HP: 16/16 MP: 1/1
   611 | D:1      | Reached skill level 3 in Axes
   611 | D:1      | Gained mutation: Your touch may inflict minor irresistible
                  | damage on your foes. [demonic ancestry]
   611 | D:1      | Reached XP level 2. HP: 22/22 MP: 2/2
  1249 | D:2      | Identified the +2 leather armour of Masochism {rN+ Dex+4}
  1546 | D:2      | Reached XP level 3. HP: 28/28 MP: 3/3
  1932 | D:3      | Noticed Ijyb
  1951 | D:3      | Killed Ijyb
  1952 | D:3      | Gained mutation: Your touch may inflict irresistible damage
                  | on your foes. [demonic ancestry]
  1952 | D:3      | Reached XP level 4. HP: 17/34 MP: 4/4
  2025 | D:3      | Noticed Robin
  2027 | D:3      | Killed Robin
  2054 | D:3      | Reached skill level 4 in Axes
  2119 | D:3      | Noticed Sigmund
  2130 | D:3      | Killed Sigmund
  2131 | D:3      | Gained mutation: Spells you cast may paralyse adjacent
                  | enemies. [demonic ancestry]
  2131 | D:3      | Reached XP level 5. HP: 12/41 MP: 5/5
  2131 | D:3      | Gained mutation: Your touch may irresistibly damage your
                  | foes and sap their willpower. [demonic ancestry]
  2131 | D:3      | Reached XP level 6. HP: 13/47 MP: 6/6
  2375 | D:3      | Quit the game

Illustrated notes

Levels and vault maps discovered:
D:1:      dpeg_arrival_fog, layout_basic, serial_bayou_pond_d
D:2:      layout_basic
D:3:      layout_loops_ring, kennysheep_crisscross, kennysheep_generic_room_10,
          uniq_ijyb, uniq_sigmund, uniq_robin

Skill      XL: |  1  2  3  4 |
---------------+-------------+-----
Axes           | 3 4 |  4.7
Dodging        | 3 |  3.8
Fighting       | 3 |  3.5
Throwing       | |  1.7

Action                   |  1- 3 |  4- 6 || total
-------------------------+-------+-------++-------
Melee: War axe           |    69 |    28 ||    97
       Touch             |     5 |     1 ||     6
       Punch             |       |     1 ||     1
Evoke: Wand              |       |     3 ||     3
  Use: Scroll            |     9 |       ||     9
Armor: Leather armour    |    23 |    11 ||    34
Dodge: Dodged            |    51 |    13 ||    64

Table legend: (Time is in decaauts)
 A = Elapsed time spent in this place.
 B = Non-inter-level travel time spent in this place.
 C = Inter-level travel time spent in this place.
 D = Time resting spent in this place.
 E = Time spent auto-exploring this place.
 F = Levels seen in this place.
 G = Mean time per level.
                   A        B        C        D        E       F      G
               +--------+--------+--------+--------+--------+-----+--------+
         Total |   2410 |   2303 |    107 |      2 |   1941 |   3 |  803.3 |
       Dungeon |   2410 |   2303 |    107 |      2 |   1941 |   3 |  803.3 |
               +--------+--------+--------+--------+--------+-----+--------+

Top non-repeatable levels by time:
     D:1: 1191 daAuts
     D:2: 684 daAuts
     D:3: 535 daAuts
